 Dungeon Crawl Stone Soup version 0.23-a0-550-g7de1f8e (webtiles) character file.

64330 Amnesiac the Unseen (level 14, -21/77 HPs)
             Began as a Spriggan Enchanter on Dec 9, 2018.
             Was an Initiate of Gozag.
             Demolished by a merfolk impaler
             ... wielding a +5 vampiric trident
              (69 damage)
             ... on level 1 of the Shoals.
             The game lasted 01:05:12 (26048 turns).

Amnesiac the Unseen (Spriggan Enchanter)           Turns: 26048, Time: 01:05:13

Health: -21/77     AC:  9    Str:  8    XL:     14   Next: 71%
Magic:  0/39       EV: 30    Int: 27    God:    Gozag
Gold:   3178       SH:  0    Dex: 21    Spells: 16/36 levels left

rFire    + + .     SeeInvis +   a - +0 dagger (elec)
rCold    + . .     Gourm    .   (shield restricted)
rNeg     . . .     Faith    .   N - +2 robe {Archmagi}
rPois    .         Spirit   +   (helmet restricted)
rElec    .         Reflect  .   n - +2 cloak {MR+}
rCorr    .         Harm     .   (gloves unavailable)
MR       +++..     Rnd*Tele +   (boots unavailable)
Stlth    ++++++++..             O - amulet "Zecs" {Spirit rF+ Int+2}
HPRegen  0.22/turn              f - ring of Hoehocoz {rF+ rC+ Int+2}
MPRegen  0.26/turn              m - ring "Qyanar" {+Fly MP+9 Str+4 Dex+4}

@: sleeping, gold aura, very quick
A: very small, unfitting armour, yellow scales 1, see invisible, clever 1,
herbivore, speed 3, screaming 1, slow metabolism 2, teleportitis 1
a: Potion Petition, Call Merchant, Bribe Branch, Renounce Religion, Evoke Flight


You were on level 1 of the Shoals.
You worshipped Gozag.
Gozag was most pleased with you.
You were not hungry.

You visited 5 branches of the dungeon, and saw 21 of its levels.
You also visited: Bailey, Ice Cave and Volcano.

You collected 8318 gold pieces.
You spent 3107 gold pieces at shops.
You paid 2033 gold pieces to Gozag.

Inventory:

Hand Weapons
 a - a +0 dagger of electrocution (weapon)
 b - a +0 blowgun
Missiles
 e - a throwing net (quivered)
 K - 160 arrows
Armour
 n - a +2 cloak of magic resistance (worn)
 N - a +2 robe of the Archmagi (worn)
 P - a +2 robe of fire resistance
Jewellery
 f - the ring of Hoehocoz (left hand) {rF+ rC+ Int+2}
   (You bought it in a shop on level 9 of the Dungeon)

   [ring of protection from cold]

   It affects your intelligence (+2).
   It protects you from fire.
   It protects you from cold.
 m - the ring "Qyanar" (right hand) {+Fly MP+9 Str+4 Dex+4}
   (You bought it in a shop on level 9 of the Dungeon)

   [ring of magical power]

   It affects your strength (+4).
   It affects your dexterity (+4).
   It affects your magic capacity (+9).
   It lets you fly.
 s - an uncursed ring of wizardry
 O - the amulet "Zecs" (around neck) {Spirit rF+ Int+2}
   (You bought it in a shop on level 9 of the Dungeon)

   [amulet of guardian spirit]

   It causes incoming damage to be split between your health and magic.
   It affects your intelligence (+2).
   It protects you from fire.
Wands
 v - a wand of paralysis (13)
 y - a wand of scattershot (12)
 B - a wand of digging (2)
 C - a wand of enslavement (11)
 G - a wand of iceblast (15)
 H - a wand of acid (2)
 J - a wand of clouds (5)
Scrolls
 c - a scroll of magic mapping {!r}
 g - 4 scrolls of identify {!r}
 j - 4 scrolls of enchant armour {!r}
 l - 11 scrolls of teleportation {!r}
 r - 2 scrolls of brand weapon {!r}
 w - a scroll of vulnerability {!r}
 x - a scroll of amnesia {!r}
 z - 4 scrolls of remove curse {!r}
 D - a scroll of fog {!r}
 M - 3 scrolls of enchant weapon {!r}
Potions
 h - 3 potions of brilliance {!q}
 i - 9 potions of curing {!q}
 k - 7 potions of heal wounds {!q}
 o - 3 potions of haste {!q}
 p - 2 potions of flight {!q}
 q - 6 potions of might {!q}
 t - 4 potions of agility {!q}
 u - a potion of magic {!q}
 E - 2 potions of invisibility {!q}
 L - 2 potions of cancellation {!q}
Comestibles
 d - 16 rations


   Skills:
 - Level 10.0 Fighting
 - Level 10.0 Short Blades
 - Level 12.0 Dodging
 + Level 19.3 Stealth
 + Level 11.6 Spellcasting
 - Level 12.0 Hexes
 - Level 4.0 Charms
 - Level 9.0 Evocations


You had 16 spell levels left.
You knew the following spells:

 Your Spells              Type           Power        Failure   Level  Hunger
a - Ensorcelled Hibernat  Hex/Ice        ######       1%          2    None
c - Sticks to Snakes      Tmut           ###.....     5%          2    None
d - Dazzling Spray        Conj/Hex       ######       1%          3    None
e - Confuse               Hex            #######.     1%          3    None
f - Cause Fear            Hex            #######...   1%          4    None
r - Regeneration          Chrm/Necr      #####.....   4%          3    None
w - Tukima's Dance        Hex            #######.     1%          3    None

Your spell library contained the following spells:

 Spells                   Type           Power        Failure   Level  Hunger
 Corona                   Hex            #######      1%          1    None
 Slow                     Hex            #######.     1%          2    None
 Inner Flame              Hex/Fire       ######..     1%          3    None
 Portal Projectile        Hex/Tloc       ######       1%          3    None
 Animate Skeleton         Necr           N/A          3%          1    None
 Beastly Appendage        Tmut           ###...       3%          1    None
 Pain                     Necr           ###.         3%          1    None
 Leda's Liquefaction      Hex/Erth       ######....   3%          4    None
 Spider Form              Tmut/Pois      ###.......   11%         3    None
 Vampiric Draining        Necr           ###.......   11%         3    None
 Animate Dead             Necr           N/A          34%         4    None
 Ice Form                 Ice/Tmut       ###.....     34%         4    None
 Blade Hands              Tmut           ###.......   69%         5    ###....


Dungeon Overview and Level Annotations

Branches:
Dungeon (12/15)            Temple (1/1) D:4            Lair (5/6) D:10
 Shoals (1/4) Lair:4        Snake (0/4) Lair:4          Orc (2/2) D:9
    Elf (0/3) Orc:2
  Slime: Lair:5-6

Altars:
Ashenzari
Cheibriados
Dithmenos
Elyvilon
Fedhas
Gozag
Hepliaklqana
Kikubaaqudgha
Makhleb
Nemelex Xobeh
Okawaru
Qazlal
Ru
Sif Muna
Trog
Uskayaw
Vehumet
Wu Jian
Xom
Yredelemnul
Zin
Beogh
Lugonu

Shops:
D:9 ([*=   D:10 *%((   Orc:2 %[!?

Annotations:
D:3 1 exclusion


Innate Abilities, Weirdness & Mutations

You are very small and have problems with some larger weapons.
You are too small for most types of armour.
You have supernaturally acute eyesight. (SInv)
You are a herbivore.
You cover ground extremely quickly.
You need to consume almost no food.
You are partially covered in yellow scales. (AC +2)
Your mind is acute. (Int +2)
You occasionally shout uncontrollably at your foes.
You are occasionally teleported next to monsters.


Message History

> or
F - a ring of protection from cold You remove your ring of protection from cold.
You hear a bleat!
You feel your magic capacity increase.
m - the ring "Qyanar" (right hand) {+Fly MP+9 Str+4 Dex+4} Drop what? 40/52 slots (_ for help) (? for menu, Esc to quit)
You drop an uncursed ring of protection from cold.
The ice dragon breathes frost at you. The blast of cold misses you.
The merfolk impaler shouts!
Casting: Confuse (safe; 1% risk of failure)
Confirm with . or Enter, or press ? or * to list all spells.
Aiming: Confuse (safe; 1% risk of failure)
Press: ? - help, Shift-Dir - straight line, f - merfolk siren
Aim: a merfolk siren, wielding a +0 spear (chance to defeat MR: 54%)
You feel a surge of power!
The merfolk siren resists with significant effort.
Casting: Confuse (safe; 1% risk of failure)
Confirm with . or Enter, or press ? or * to list all spells.
Aiming: Confuse (safe; 1% risk of failure)
Press: ? - help, Shift-Dir - straight line, f/p - merfolk siren
Aim: a merfolk siren, wielding a +0 spear (chance to defeat MR: 54%)
You feel a surge of power!
The merfolk siren resists with significant effort.
The merfolk siren completely misses you.
Unknown command.
Casting: Confuse (safe; 1% risk of failure)
Confirm with . or Enter, or press ? or * to list all spells.
Aiming: Confuse (safe; 1% risk of failure)
Press: ? - help, Shift-Dir - straight line, f/p - merfolk siren
Aim: a merfolk siren, wielding a +0 spear (chance to defeat MR: 54%)
You feel a surge of power!
The merfolk siren resists with significant effort.
The merfolk siren chants a haunting song.
You resist with almost no effort.
Unknown command.
Casting: Confuse (safe; 1% risk of failure)
Confirm with . or Enter, or press ? or * to list all spells.
Aiming: Confuse (safe; 1% risk of failure)
Press: ? - help, Shift-Dir - straight line, f/p - merfolk siren
Aim: a merfolk siren, wielding a +0 spear (chance to defeat MR: 54%)
You feel a surge of power!
The merfolk siren appears confused.
Unknown command.
You catch the helpless merfolk siren completely off-guard!
You skewer the merfolk siren like a kebab!!!
You kill the merfolk siren!
The dream sheep bleats!
Casting: Confuse (safe; 1% risk of failure)
Confirm with . or Enter, or press ? or * to list all spells.
Aiming: Confuse (safe; 1% risk of failure)
Press: ? - help, Shift-Dir - straight line, f - ice dragon
Aim: an ice dragon (chance to defeat MR: 71%)
You feel a surge of power!
The ice dragon appears confused.
The merfolk impaler hits you from afar with a +5 vampiric trident!!
Unknown command.
The merfolk impaler hits you but does no damage.
The dream sheep bleats!
The dream sheep "Baaaas" sleepily.
The dream sheep shake their wool and sparkle.
You feel drowsy...
You fall asleep.
The merfolk impaler hits you with a +5 vampiric trident!!!!
Ouch! That really hurt!
You die...
Your body crumbles into a pile of gold.

≈≈≈≈≈≈≈≈≈≈≈≈≈≈≈....≈≈≈,,,,≈≈≈≈≈≈≈
≈≈≈≈≈≈≈≈≈≈≈≈≈.......,≈,*,,,,,≈≈≈≈
..≈≈≈≈≈≈≈≈≈≈..(.....,,,,,,,,,≈≈≈≈
.≈≈≈≈≈≈≈(≈≈≈........,,,,,,,,,≈≈≈≈
≈≈≈≈≈≈≈≈≈≈Y........,,,,,,,,,,≈≈≈≈
#...≈≈≈≈≈≈Y...D≈≈≈≈,,,,,,,,,,≈≈≈≈
#....≈≈≈≈≈≈...###≈≈,,,***,,,,,≈≈≈
.....C≈≈≈≈≈≈C#..##≈,,** *,,,,,≈≈≈
..(≈...Y≈≈≈≈#..#@#≈,,* **,,,,,≈≈≈
.#.....≈%≈≈≈#.#m.#≈,,***,,,,,,≈≈≈
##.....≈≈≈≈≈##..=#≈,,,,,,,,,,≈≈≈≈
#....[.≈≈≈≈≈≈#####≈,,,,,,,,,≈≈≈≈≈
..,...≈≈≈≈≈≈≈≈≈≈≈≈≈,,,***,,,≈≈≈≈≈
.C,,≈≈≈≈≈≈≈≈≈≈≈,,,,,,** *,,,≈≈≈≈≈
,,,≈≈≈≈≈≈≈≈≈≈≈≈≈≈,,,,* **,≈≈≈≈≈≈≈
≈≈≈≈≈≈≈≈≈≈≈≈≈≈≈≈≈,,,,***,,≈≈≈≈≈≈≈
≈≈≈≈≈≈≈≈≈≈≈≈≈≈≈≈≈≈≈,***,,,≈≈≈≈≈≈≈


You could see a merfolk impaler and 2 dream sheep.

Vanquished Creatures
  An Ice Fiend (IceCv)
  A dire elephant (Lair:4)
  Snorg (Lair:3)
  The ghost of Jestus the Grappler, a journeyman TrMo (Lair:2)
  Fannar (D:10)
  Josephine (Orc:1)
  4 hydras
  2 two-headed ogres
  4 death yaks
  An orc high priest (Orc:1)
  A sun demon (Volcano)
  A hell knight (Volcano)
  A sea snake (Shoals:1)
  An orc knight (Orc:2)
  An ugly thing (Volcano)
  An oklob plant (Lair:1)
  8 orc sorcerers
  15 elephants (Lair:4)
  4 black mambas
  2 molten gargoyles (Volcano)
  A merfolk siren (Shoals:1)
  A gargoyle (D:11)
  7 spiny frogs
  An ice statue (IceCv)
  3 kobold demonologists (D:12)
  6 ice devils (IceCv)
  5 komodo dragons
  3 freezing wraiths (IceCv)
  2 anaconda simulacra (IceCv)
  2 red devils (Volcano)
  4 trolls
  3 hornets
  11 blink frogs
  9 hippogriffs
  A shadow (D:12)
  3 wyverns
  2 spriggans
  2 dire elephant simulacra (IceCv)
  39 yaks
  A basilisk (Lair:1)
  4 wraiths (Orc:1)
  A fire bat (Volcano)
  A steam dragon (D:9)
  2 vampire mosquitoes (D:12)
  A death yak simulacrum (IceCv)
  7 wargs
  A hungry ghost (D:4)
  2 nagas (Lair:4)
  4 harpy simulacra (IceCv)
  An iron troll simulacrum (IceCv)
  5 water moccasins
  5 hydra simulacra (IceCv)
  3 hell hounds
  11 porcupines
  2 ice beasts
  2 phantoms
  4 sky beasts
  28 orc warriors
  4 slaves (D:5)
  An ettin simulacrum (IceCv)
  3 black bears
  12 wolves
  A necrophage (D:6)
  10 ogres
  7 crocodiles
  The ghost of TheNamelessOne the Skirmisher, an amateur OpFi (D:3)
  12 centaurs
  4 big kobolds
  12 bullfrogs
  A gnoll sergeant (D:7)
  7 scorpions
  2 swamp dragon simulacra (IceCv)
  8 wights
  4 crimson imps
  A centaur zombie (D:8)
  6 lava snakes (Volcano)
  7 hounds
  2 quasits
  3 centaur skeletons
  2 draconian simulacra (IceCv)
  3 bullfrog zombies
  A gnoll shaman (D:4)
  14 orc priests
  A bullfrog skeleton (D:5)
  5 jellies
  An iguana (D:12)
  34 orc wizards
  Crazy Yiuf (D:2)
  4 troll simulacra (IceCv)
  9 worker ants
  2 polar bear simulacra (IceCv)
  A centaur simulacrum (IceCv)
  A hound zombie (D:5)
  A hound skeleton (D:5)
  2 howler monkey skeletons
  A worker ant zombie (D:8)
  Robin (D:3)
  13 gnolls
  12 adders
  3 naga simulacra (IceCv)
  2 shadow imps
  5 white imps (IceCv)
  5 ufetubi (IceCv)
  An ooze (D:4)
  2 adder zombies
  An adder skeleton (D:5)
  3 worms
  5 leopard geckos
  115 orcs
  12 giant cockroaches
  9 goblins
  10 hobgoblins
  6 jackals
  23 kobolds
  3 quokkas
  A ball python (D:3)
  7 bats
  5 frilled lizards
  A leopard gecko skeleton (D:5)
  A quokka skeleton (D:9)
  13 rats
  A fungus (Lair:4)
693 creatures vanquished.

Vanquished Creatures (collateral kills)
  A two-headed ogre (D:8)
  Pikel (D:5)
  2 orc warriors
4 creatures vanquished.

Vanquished Creatures (others)
  Sigmund (D:5)
  An orc wizard (Orc:2)
  An ufetubus (IceCv)
  51 fungi
  16 plants
70 creatures vanquished.

Grand Total: 767 creatures vanquished

Notes
Turn   | Place    | Note
-------+----------+-------------------------------------------
     0 | D:1      | Amnesiac the Spriggan Enchanter began the quest for the
                  | Orb.
     0 | D:1      | Reached XP level 1. HP: 9/9 MP: 5/5
   200 | D:3      | Found a transporter.
   201 | D:3      | Found a transporter.
   201 | D:3      | Noticed TheNamelessOne's ghost (amateur OpFi)
   227 | D:4      | Found a staircase to the Ecumenical Temple.
   228 | D:4      | Noticed a hungry ghost
   237 | D:4      | Noticed a scorpion
   240 | D:4      | Noticed a hound
   247 | D:4      | Noticed a bullfrog
   270 | Temple   | Entered the Ecumenical Temple
   567 | D:4      | Noticed a hound
   613 | Temple   | Became a worshipper of Gozag Ym Sagoz the Greedy
   618 | Temple   | Gained mutation: You have sharp toenails. [potion of
                  | mutation]
   618 | Temple   | Gained mutation: You are occasionally teleported next to
                  | monsters. [potion of mutation]
   618 | Temple   | Gained mutation: You are dopey. (Int -2) [potion of
                  | mutation]
   618 | Temple   | Gained mutation: Your flesh is heat resistant. (rF+)
                  | [potion of mutation]
   622 | Temple   | Killed a hound
   622 | Temple   | Reached skill level 5 in Stealth
   622 | Temple   | Reached XP level 2. HP: 13/13 MP: 6/6
   622 | Temple   | Reached XP level 3. HP: 16/16 MP: 8/8
   645 | D:4      | Reached XP level 4. HP: 10/21 MP: 9/9
   652 | D:4      | HP: 1/21 [scorpion (8)]
   653 | D:4      | Reached skill level 6 in Stealth
   722 | D:1      | Learned a level 3 spell: Confuse
   726 | D:1      | Learned a level 3 spell: Tukima's Dance
  1584 | D:1      | Reached XP level 5. HP: 24/24 MP: 10/10
  1742 | D:1      | Learned a level 3 spell: Dazzling Spray
  1882 | D:2      | Lost mutation: You are dopey. (Int -2) [potion of mutation]
  1882 | D:2      | Lost mutation: You have sharp toenails. [potion of
                  | mutation]
  1882 | D:2      | Gained mutation: You are partially covered in icy blue
                  | scales. (AC +2) [potion of mutation]
  1882 | D:2      | Gained mutation: You are agile. (Dex +2) [potion of
                  | mutation]
  2535 | D:2      | Found a runed door.
  2539 | D:2      | Noticed Crazy Yiuf
  2543 | D:2      | Killed Crazy Yiuf
  2897 | D:3      | Found a sparkling altar of Nemelex Xobeh.
  3082 | D:3      | Found a shimmering altar of Xom.
  3258 | D:3      | Noticed Robin
  3288 | D:3      | Killed Robin
  3525 | D:3      | Reached XP level 6. HP: 16/28 MP: 2/13
  3699 | D:3      | Killed TheNamelessOne's ghost
  3699 | D:3      | Reached skill level 5 in Spellcasting
  3715 | D:3      | Learned a level 2 spell: Ensorcelled Hibernation
  3793 | D:4      | Reached skill level 5 in Hexes
  3919 | D:4      | Found a hide-covered altar of Uskayaw.
  4049 | D:4      | Reached XP level 7. HP: 32/32 MP: 2/17
  4347 | D:4      | Killed a hungry ghost
  4469 | D:5      | Entered Level 5 of the Dungeon
  4483 | D:5      | You fall through a shaft for 2 floors!
  4638 | D:7      | Found an iron altar of Okawaru.
  4661 | D:7      | Reached XP level 8. HP: 13/36 MP: 12/20
  4839 | D:7      | Found a deep blue altar of Sif Muna.
  4839 | D:7      | Found a sacrificial altar of Ru.
  5023 | D:5      | Noticed Pikel
  5061 | D:5      | Killed Pikel
  5061 | D:5      | Reached skill level 10 in Hexes
  5156 | D:5      | Killed Sigmund
  5381 | D:5      | Reached skill level 1 in Evocations
  5718 | D:5      | Found a stormy altar of Qazlal.
  5886 | D:5      | Reached skill level 5 in Short Blades
  5886 | D:5      | Reached XP level 9. HP: 39/39 MP: 16/21
  5974 | D:3      | Learned a level 4 spell: Cause Fear
  6008 | D:2      | Found a shadowy altar of Dithmenos.
  6008 | D:2      | Found a bloodstained altar of Trog.
  6011 | D:2      | Found an ornate altar of the Wu Jian Council.
  6463 | D:6      | Found a glowing silver altar of Zin.
  6903 | D:6      | Reached skill level 1 in Fighting
  6917 | D:6      | Found an ancient bone altar of Kikubaaqudgha.
  7126 | D:7      | Found a shattered altar of Ashenzari.
  7157 | D:7      | Reached skill level 7 in Stealth
  7263 | D:7      | You fall through a shaft!
  7266 | D:8      | Found a basalt altar of Yredelemnul.
  7799 | D:8      | Found a blossoming altar of Fedhas.
  7874 | D:8      | Noticed a two-headed ogre
  7914 | D:8      | Killed a two-headed ogre
  7914 | D:8      | Reached skill level 5 in Dodging
  7914 | D:8      | Reached skill level 5 in Evocations
  7954 | D:8      | Reached XP level 10. HP: 35/46 MP: 13/22
  8048 | D:8      | Reached skill level 8 in Stealth
  8584 | D:9      | Found Gyjumu Ygha's Antique Weapon Shop.
  8594 | D:9      | Bought a glowing dagger for 150 gold pieces
  8672 | D:9      | Found a flagged portal.
  8897 | D:9      | Noticed a two-headed ogre
  8916 | D:9      | Killed a two-headed ogre
  9140 | D:9      | Learned a level 2 spell: Sticks to Snakes
  9300 | Bailey   | Entered a bailey
 10087 | Bailey   | Reached XP level 11. HP: 52/52 MP: 4/23
 10223 | Bailey   | Reached skill level 9 in Stealth
 10546 | D:9      | Identified a scroll of acquirement {!r}
 10812 | D:9      | Found a roughly hewn altar of Beogh.
 10812 | D:9      | Found a staircase to the Orcish Mines.
 11498 | D:10     | Entered Level 10 of the Dungeon
 11691 | D:10     | Found a staircase to the Lair.
 11730 | D:10     | Reached skill level 10 in Stealth
 11732 | D:10     | Noticed a two-headed ogre
 11743 | D:10     | Reached skill level 10 in Dodging
 11748 | D:10     | Killed a two-headed ogre
 11924 | D:10     | Reached skill level 5 in Fighting
 12002 | D:10     | Found Jari Rang's Antique Weapon Boutique.
 12060 | D:10     | Reached skill level 11 in Stealth
 12069 | D:10     | Found Optianer's Antique Weapon Boutique.
 12100 | D:10     | Bought a glowing short sword for 138 gold pieces
 12110 | D:10     | Bought a runed rapier for 217 gold pieces
 12110 | D:10     | Bought a runed dagger for 155 gold pieces
 12110 | D:10     | Bought a glowing rapier for 217 gold pieces
 12275 | D:10     | Noticed Fannar
 12283 | D:10     | Killed Fannar
 12460 | D:10     | Found Duykh's Lightly-Used Armoury.
 12492 | D:10     | Found Nekkom's Food Shop.
 12974 | D:11     | Reached XP level 12. HP: 60/60 MP: 0/24
 13014 | D:11     | Reached skill level 12 in Stealth
 14090 | D:12     | Reached skill level 10 in Short Blades
 14736 | Orc:1    | Entered Level 1 of the Orcish Mines
 14819 | Orc:1    | Found a roughly hewn altar of Beogh.
 14931 | Orc:1    | Noticed an orc high priest
 14931 | Orc:1    | Reached skill level 13 in Stealth
 14984 | Orc:1    | Killed an orc high priest
 15247 | Orc:2    | Entered Level 2 of the Orcish Mines
 16102 | Orc:1    | Noticed Josephine
 16135 | Orc:1    | Killed Josephine
 16157 | Orc:1    | Reached skill level 14 in Stealth
 16502 | Orc:2    | Found a roughly hewn altar of Beogh.
 16848 | Orc:2    | Reached XP level 13. HP: 62/69 MP: 21/25
 17161 | Orc:2    | Found a staircase to the Elven Halls.
 17227 | Orc:2    | Found Reemuq's Magic Scroll Shoppe.
 17227 | Orc:2    | Found Sofaithy's Distillery.
 17348 | Orc:2    | Bought a potion of flight for 42 gold pieces
 17348 | Orc:2    | Bought a potion of lignification for 42 gold pieces
 17348 | Orc:2    | Bought 2 potions of cancellation for 224 gold pieces
 17359 | Orc:2    | Bought a scroll of enchant weapon for 127 gold pieces
 17390 | Orc:2    | Found a roughly hewn altar of Beogh.
 17398 | Orc:2    | Found Deske's Antique Armour Shoppe.
 17398 | Orc:2    | Found Hiugrugi's Food Shop.
 17962 | D:9      | Bought a scorched lead ring for 185 gold pieces
 17962 | D:9      | Bought a glowing lead wand for 148 gold pieces
 17966 | D:9      | Bought the amulet "Zecs" {Spirit rF+ Int+2} for 771 gold
                  | pieces
 17971 | D:9      | Identified the ring "Qyanar" {+Fly MP+9 Str+4 Dex+4} (You
                  | bought it in a shop on level 9 of the Dungeon)
 17975 | D:9      | Bought the ring of Hoehocoz {rF+ rC+ Int+2} for 691 gold
                  | pieces
 18132 | Lair:1   | Entered Level 1 of the Lair of Beasts
 18207 | Lair:1   | Found a sacrificial altar of Ru.
 18880 | Lair:2   | Reached skill level 10 in Fighting
 19374 | Lair:2   | Found a runed gate.
 19375 | Lair:2   | Found a runed gate.
 19375 | Lair:2   | Found a runed gate.
 19380 | Lair:2   | Noticed Jestus's ghost (journeyman TrMo)
 19413 | Lair:2   | Killed Jestus's ghost
 19628 | Lair:2   | Reached skill level 15 in Stealth
 20113 | Lair:2   | Reached skill level 16 in Stealth
 20635 | Lair:3   | Noticed Snorg
 20649 | Lair:3   | Killed Snorg
 20728 | Lair:3   | Lost mutation: You are agile. (Dex +2) [potion of mutation]
 20728 | Lair:3   | Lost mutation: Your flesh is heat resistant. (rF+) [potion
                  | of mutation]
 20728 | Lair:3   | Lost mutation: You are partially covered in icy blue
                  | scales. (AC +2) [potion of mutation]
 20728 | Lair:3   | Gained mutation: You occasionally shout uncontrollably at
                  | your foes. [potion of mutation]
 20728 | Lair:3   | Gained mutation: You are partially covered in yellow
                  | scales. (AC +2) [potion of mutation]
 20728 | Lair:3   | Gained mutation: Your mind is acute. (Int +2) [potion of
                  | mutation]
 20840 | Lair:3   | Found a dark tunnel.
 20909 | Volcano  | Entered a volcano
 21227 | Volcano  | Found a radiant altar of Vehumet.
 21229 | Volcano  | Reached skill level 17 in Stealth
 21333 | Volcano  | Reached XP level 14. HP: 72/77 MP: 19/27
 21750 | Lair:4   | Learned a level 3 spell: Regeneration
 21790 | Lair:4   | Reached skill level 1 in Charms
 21808 | Lair:4   | Found a staircase to the Shoals.
 22309 | Lair:4   | Found a staircase to the Snake Pit.
 22338 | Lair:4   | Reached skill level 18 in Stealth
 22758 | Lair:4   | Reached skill level 10 in Spellcasting
 23646 | Shoals:1 | Entered Level 1 of the Shoals
 23702 | Shoals:1 | Found a frozen archway.
 23712 | IceCv    | Entered an ice cave
 24630 | IceCv    | HP: 2/77 [eight-headed hydra simulacrum (13)]
 25176 | IceCv    | Noticed an Ice Fiend
 25213 | IceCv    | Reached skill level 19 in Stealth
 25480 | IceCv    | Killed an Ice Fiend
 26048 | Shoals:1 | Demolished by a merfolk impaler

Vault maps used:
D:1:      dpeg_arrival_prison
D:2:      nicolae_overflow_hidden_temple, uniq_crazy_yiuf_cottage
D:3:      lemuel_round_altar, nemelex_xobeh_ov_fountains_minmay,
          gammafunk_ghost_arena, first_ration, item_on_display_a, uniq_robin
D:4:      lemuel_doored_altar, minmay_temple_entry_stoned_glass
D:5:      cheibrodos_barr_body, nicolae_qazlal_eye_of_the_storm, uniq_sigmund,
          uniq_pikel
D:6:      marbit_many_paths, kennysheep_mini_moat
D:7:      overflow_temple_1_default, okawaru_trees_1,
          gammafunk_temple_overflow_elements, minmay_statues_item, the_bakery
D:8:      nicolae_overflow_crystal_walls, yredelemnul_altar_generic
D:9:      david_orc_5, lightli_bailey_entry_fortress, serial_shops,
          nicolae_shop_overgrown_old_shop, mrwooster_statue_mirror
D:10:     minmay_inner_zag, david_lair_generic, serial_shops,
          nicolae_shop_statue_plus, nicolae_shop_competitors_out_of_business,
          shop, minmay_shop_damaged, uniq_fannar
D:12:     columned_hall_lemuel, st_stairs_6
Temple:   corrupted_temple
Lair:1:   lemuel_oklob_altar, grunt_megastairs_4
Lair:2:   wander_river, gammafunk_ghost_split
Lair:3:   enter_volcano_3, uniq_snorg
Lair:4:   mu_elephants_graveyard, shoals_dummy_entry,
          guppyfry_snake_entry_island, patterned_corridor
Lair:5:   slime_altar_2, st_stairs_9
Shoals:1: portal_ice_cave_entry_dragon, serial_shops, shop
Orc:1:    basic_altar, uniq_josephine
Orc:2:    st_orc_town, mines2_david
Bailey:   bailey_polearm_flooded_kennysheep, bailey
IceCv:    ice_cave_caverns_03
Volcano:  volcano_lake

Skill      XL: |  1  2  3  4  5  6  7  8  9 10 11 12 13 14 |
---------------+-------------------------------------------+-----
Short Blades   | 3 4 5 7 8 10 | 10.0
Stealth        | 5 6 7 8 11 14 17 19 | 19.3
Spellcasting   | 3 4 6 7 8 11 | 11.6
Hexes          | 4 5 7 10 11 12 | 12.0
Evocations     | 2 5 8 9 |  9.0
Fighting       | 2 3 5 8 10 | 10.0
Dodging        | 5 8 11 12 | 12.0
Charms         | 4 |  4.0

Action                   |  1- 3 |  4- 6 |  7- 9 | 10-12 | 13-15 || total
-------------------------+-------+-------+-------+-------+-------++-------
Melee: Dagger            |    13 |   281 |   348 |   682 |   745 ||  2069
       Kick              |     2 |    10 |       |       |       ||    12
 Cast: Corona            |       |     3 |       |       |       ||     3
       Confuse           |       |    38 |    59 |   140 |   135 ||   372
       Dazzling Spray    |       |     1 |    20 |    28 |    42 ||    91
       Ensorcelled Hiber |       |       |    20 |   104 |    64 ||   188
       Tukima's Dance    |       |       |     7 |     4 |       ||    11
       Sticks to Snakes  |       |       |       |       |     2 ||     2
Invok: Potion Petition   |     1 |       |       |       |       ||     1
       Call Merchant     |       |       |       |       |     3 ||     3
Evoke: Wand              |       |       |     3 |     1 |     8 ||    12
  Use: Scroll            |     2 |     9 |       |    15 |     4 ||    30
       Potion            |     1 |     1 |     1 |     2 |     3 ||     8
 Stab: Sleeping          |     5 |    18 |    30 |    94 |    59 ||   206
       Confused          |       |    15 |    45 |    61 |    82 ||   203
       Invisible         |       |       |     3 |     7 |     1 ||    11
       Distracted        |       |       |     4 |     3 |    11 ||    18
       Paralysed         |       |       |     1 |       |       ||     1
  Eat: Ration            |       |     5 |     3 |     5 |     3 ||    16
Armor: Robe              |     5 |    35 |    33 |    27 |    38 ||   138
Dodge: Dodged            |    35 |   203 |   222 |   451 |   577 ||  1488

Table legend:
 A = Non-vault XP
 B = Vault XP
 C = Vault XP percentage of total XP
 D = Non-vault monster count
 E = Vault monster count
 F = Vault count percentage of total count
                 A         B        C        D         E       F
            +---------+---------+-------+---------+---------+-------
      Total |   50597 |   41303 |  44.9 |     412 |     280 |  40.5
            +---------+---------+-------+---------+---------+-------
        D:1 |      28 |       8 |  22.2 |      20 |       5 |  20.0
        D:2 |      35 |      36 |  50.7 |       8 |       1 |  11.1
        D:3 |      62 |     165 |  72.7 |      21 |      12 |  36.4
        D:4 |     679 |       0 |   0.0 |      19 |       0 |   0.0
        D:5 |     115 |     638 |  84.7 |      18 |      11 |  37.9
        D:6 |    1280 |      34 |   2.6 |      18 |       1 |   5.3
        D:7 |    1149 |     215 |  15.8 |      30 |       1 |   3.2
        D:8 |    2021 |       0 |   0.0 |      42 |       0 |   0.0
        D:9 |    2953 |    1306 |  30.7 |      26 |      35 |  57.4
       D:10 |    4917 |    2174 |  30.7 |      25 |       9 |  26.5
       D:11 |    4919 |       0 |   0.0 |      29 |       0 |   0.0
       D:12 |    4611 |       2 |   0.0 |      41 |       1 |   2.4
     Temple |      46 |       0 |   0.0 |       1 |       0 |   0.0
     Lair:1 |    3391 |     723 |  17.6 |      10 |       2 |  16.7
     Lair:2 |    9582 |    2248 |  19.0 |      33 |       4 |  10.8
     Lair:3 |    4464 |    1371 |  23.5 |      15 |       3 |  16.7
     Lair:4 |    3933 |    9036 |  69.7 |      15 |      19 |  55.9
   Shoals:1 |    1185 |       0 |   0.0 |       2 |       0 |   0.0
      Orc:1 |    2842 |    1847 |  39.4 |      24 |       5 |  17.2
      Orc:2 |    2385 |    5066 |  68.0 |      15 |      66 |  81.5
     Bailey |       0 |    2221 | 100.0 |       0 |      39 | 100.0
      IceCv |       0 |    9896 | 100.0 |       0 |      51 | 100.0
    Volcano |       0 |    4317 | 100.0 |       0 |      15 | 100.0
            +---------+---------+-------+---------+---------+-------
